 Dungeon Crawl Stone Soup version 0.24-a0-584-g9d6b971ae4 (webtiles) character file.

Game seed: 15239942043631013985, levelgen mode: deterministic

82323 GordonOverkill the Peltast (level 15, -7/117 HPs)
             Began as a Barachi Fire Elementalist on Sept 4, 2019.
             Was an Elder of Sif Muna.
             Killed from afar by Azrael (10 damage)
             ... with a fireball
             ... on level 14 of the Dungeon on Sept 5, 2019.
             The game lasted 01:27:14 (34688 turns).

GordonOverkill the Peltast (BaFE)                  Turns: 34688, Time: 01:27:15

Health: -7/117     AC: 15    Str: 10    XL:     15   Next: 73%
Magic:  6/30       EV: 16    Int: 27    God:    Sif Muna [****..]
Gold:   1837       SH: 15    Dex: 14    Spells: 2/36 levels left

rFire    + + .     SeeInvis .   Y - +0 demon trident (flame)
rCold    x . .     Gourm    .   s - +2 shield {reflect}
rNeg     . . .     Faith    .   T - +2 robe {rF+}
rPois    .         Spirit   .   p - +2 helmet {Int+3}
rElec    +         Reflect  +   (no cloak)
rCorr    .         Harm     .   y - +2 pair of gloves
MR       +....                  q - +0 pair of boots {Stlth+}
Stlth    +++.......             L - amulet of magic regeneration
HPRegen  0.29/turn              K - +4 ring of protection
MPRegen  0.47/turn              J - ring of Udemag {Fire rElec Int+4}

@: very slightly contaminated, slow
A: +LOS, swims, slowness 1, strong legs 2
a: Hop, Channel Magic, Forget Spell, Divine Exegesis, Renounce Religion


You were on level 14 of the Dungeon.
You worshipped Sif Muna.
Sif Muna was greatly pleased with you.
You were not hungry.

You visited 3 branches of the dungeon, and saw 21 of its levels.
You also visited: Sewer and Gauntlet.

You collected 2305 gold pieces.
You spent 468 gold pieces at shops.

Inventory:

Hand Weapons
 k - a +2 dagger of venom
 Y - a +0 demon trident of flaming (weapon)
Missiles
 v - a throwing net
 E - 4 boomerangs (quivered)
 N - 6 javelins
Armour
 p - a +2 helmet of intelligence (worn)
 q - a +0 pair of boots of stealth (worn)
 s - a +2 shield of reflection (worn)
 y - a +2 pair of gloves (worn)
 T - a +2 robe of fire resistance (worn)
Magical Staves
 D - an uncursed staff of wizardry
 P - an uncursed staff of power
Jewellery
 h - an uncursed ring of protection from fire
 J - the ring of Udemag (right hand) {Fire rElec Int+4}
   (You found it in a Gauntlet)

   [ring of fire]

   It enhances your fire magic.
   It affects your intelligence (+4).
   It protects you from fire.
   It makes you vulnerable to cold.
   It insulates you from electricity.
 K - a +4 ring of protection (left hand)
 L - an amulet of magic regeneration (around neck)
 M - an uncursed ring of wizardry
Wands
 b - a wand of flame (54)
 w - a wand of scattershot (1)
 B - a wand of random effects (20)
 F - a wand of digging (7)
 H - a wand of acid (13)
 O - a wand of iceblast (12)
Scrolls
 a - a scroll of enchant armour
 l - 11 scrolls of remove curse
 m - 6 scrolls of magic mapping
 n - 3 scrolls of enchant weapon
 o - 5 scrolls of blinking
 u - 12 scrolls of teleportation
 G - a scroll of fog
 S - 4 scrolls of amnesia
 V - 2 scrolls of holy word
 W - 3 scrolls of identify
Potions
 d - 7 potions of curing
 e - 2 potions of lignification
 f - 4 potions of heal wounds
 g - 3 potions of berserk rage
 i - 4 potions of flight
 j - 3 potions of invisibility
 r - 5 potions of haste
 t - 5 potions of mutation
 x - 3 potions of ambrosia
 z - 2 potions of might
 A - a potion of cancellation
 C - 7 potions of agility {unknown}
 R - a potion of brilliance
 U - 3 potions of resistance
 X - a potion of magic {unknown}
Miscellaneous
 I - a crystal ball of energy
 Q - a box of beasts
Comestibles
 c - 34 rations


   Skills:
 + Level 10.5 Fighting
 + Level 6.9 Dodging
 - Level 2.0 Stealth
 - Level 15.0 Shields
 - Level 11.0 Spellcasting
 + Level 10.5 Conjurations
 - Level 5.0 Necromancy
 + Level 10.4 Fire Magic
 + Level 8.5 Earth Magic
 + Level 5.7 Invocations
 - Level 6.0 Evocations


You had 2 spell levels left.
You knew the following spells:

 Your Spells              Type           Power        Failure   Level  Hunger
a - Flame Tongue          Conj/Fire      #####        1%          1    None
b - Conjure Flame         Conj/Fire      #######.     1%          3    None
c - Sticky Flame          Conj/Fire      #######.     1%          4    None
d - Fireball              Conj/Fire      #######...   1%          5    ###....
e - Bolt of Magma         Conj/Fire/Erth #######...   1%          5    ###....
f - Iskenderun's Battles  Conj/Chrm      #####...     12%         5    ###....
g - Blink                 Tloc           N/A          6%          2    None
h - Regeneration          Chrm/Necr      ####......   4%          3    None
i - Iron Shot             Conj/Erth      ######....   12%         6    #####..

Your spell library contained the following spells:

 Spells                   Type           Power        Failure   Level  Hunger
 Animate Skeleton         Necr           N/A          1%          1    None
 Magic Dart               Conj           ####         1%          1    None
 Pain                     Necr           ####         1%          1    None
 Sandblast                Erth           ######       1%          1    None
 Corpse Rot               Necr           N/A          1%          2    None
 Throw Flame              Conj/Fire      ######       1%          2    None
 Throw Frost              Conj/Ice       #####.       1%          2    None
 Beastly Appendage        Tmut           ##....       3%          1    None
 Corona                   Hex            ##.....      3%          1    None
 Freeze                   Ice            ##..         3%          1    None
 Summon Butterflies       Summ           ##......     3%          1    None
 Call Imp                 Summ           ##......     6%          2    None
 Ensorcelled Hibernation  Hex/Ice        ##....       6%          2    None
 Poisonous Vapours        Pois/Air       ##....       6%          2    None
 Slow                     Hex            ##......     6%          2    None
 Sticks to Snakes         Tmut           ##......     6%          2    None
 Dazzling Spray           Conj/Hex       #####.       1%          3    None
 Inner Flame              Hex/Fire       ######..     1%          3    None
 Static Discharge         Conj/Air       #####...     1%          3    None
 Stone Arrow              Conj/Erth      ######       1%          3    None
 Vampiric Draining        Necr           #####.....   1%          3    None
 Mephitic Cloud           Conj/Pois/Air  ####....     2%          3    None
 Animate Dead             Necr           N/A          4%          4    None
 Throw Icicle             Conj/Ice       #####...     4%          4    None
 Leda's Liquefaction      Hex/Erth       #####.....   7%          4    None
 Call Canine Familiar     Summ           ##......     12%         3    None
 Confuse                  Hex            ##......     12%         3    None
 Ozocubu's Armour         Chrm/Ice       ##......     12%         3    None
 Portal Projectile        Hex/Tloc       ##....       12%         3    None
 Spider Form              Tmut/Pois      ##........   12%         3    None
 Tukima's Dance           Hex            ##......     12%         3    None
 Lightning Bolt           Conj/Air       #####.....   12%         5    ###....
 Venom Bolt               Conj/Pois      #####.....   12%         5    ###....
 Cause Fear               Hex            ##........   36%         4    None
 Ice Form                 Ice/Tmut       ##......     36%         4    None
 Passage of Golubria      Tloc           N/A          36%         4    None
 Summon Ice Beast         Ice/Summ       ##......     36%         4    None
 Orb of Destruction       Conj           ######....   41%         7    ######.
 Blade Hands              Tmut           ##........   71%         5    ###....
 Summon Forest            Summ/Tloc      ##........   71%         5    ###....
 Summon Mana Viper        Hex/Summ       ##......     71%         5    ###....
 Statue Form              Tmut/Erth      #####....    71%         6    #####..
 Freezing Cloud           Conj/Ice/Air   ####......   80%         6    #####..
 Ring of Flames           Chrm/Fire      ######....   98%         7    ######.
 Spellforged Servitor     Conj/Summ      #####.....   98%         7    ######.
 Ignition                 Fire           #######...   98%         8    #######
 Hydra Form               Tmut           ##........   99%         6    #####..
 Summon Hydra             Summ           ##........   100%        7    ######.
 Disjunction              Tloc           ##........   100%        8    #######
 Shatter                  Erth           ######....   100%        9    #######
 Tornado                  Air            ##........   100%        9    #######


Dungeon Overview and Level Annotations

Branches:
Dungeon (14/15)            Temple (1/1) D:5            Lair (6/6) D:11
 Shoals (0/4) Lair:4        Snake (0/4) Lair:2        Slime (0/5) Lair:6
    Orc (0/2) D:11          Sewer (visited)         Gauntlet (visited)
 Vaults: D:13-14

Altars:
Ashenzari
Cheibriados
Dithmenos
Elyvilon
Fedhas
Gozag
Hepliaklqana
Kikubaaqudgha
Makhleb
Nemelex Xobeh
Okawaru
Qazlal
Ru
Sif Muna
Trog
Uskayaw
Vehumet
Wu Jian
Xom
Yredelemnul
Zin
The Shining One
Jiyva

Shops:
D:10 =

Annotations:
D:7 2 transporters, Menkaure
D:12 1 runed translucent door, Rasmon's ghost, journeyman TrHu
D:14 exclusion: orange crystal statue, Azrael


Innate Abilities, Weirdness & Mutations

Shadows flee at your approach. (+LOS)
You can swim through water.
You cover ground slowly.
You can hop long distances.


Message History

The sticky flame misses you.
Casting: Iron Shot (quite dangerous; 12% risk of failure)
Confirm with . or Enter, or press ? or * to list all spells.
You don't have enough magic to cast that spell.
Azrael gestures at you.
The fireball explodes!
The fireball engulfs you! You resist.
There is an open door here.
Azrael gestures at you.
The sphere of damnation explodes!
The damnation engulfs you!!
* * * LOW HITPOINT WARNING * * *
The damnation engulfs Azrael.
Azrael completely resists.
You puncture Azrael!
Azrael is almost dead.
Azrael hits you with a +4 scimitar of flaming!
* * * LOW HITPOINT WARNING * * *
Azrael burns you.
* * * LOW HITPOINT WARNING * * *
Azrael gestures at you.
The fireball explodes!
The fireball engulfs you! You resist.
You die...

.# #...............#
#.......+. ##
#...............#
#.......##
#....######.....####
.......# #....#
#........# #.....##
#....######........#
#.......
#....##............#
#.......
##.)..+.........####
#......#
######....##'######
#.....##
#......@.....#
#.....#.
###....R.....#
#.....#.
#.#........#
#.....##
#.#.#......#
##.....# #.#[.....#
###.... #.#.#+####
##... #.#.# #..# #
#.. #.## #.# #.#.


You could see Azrael.

Vanquished Creatures
  A fire giant (D:12)
  A minotaur (Gauntlet)
  A fire dragon (Lair:4)
  A great orb of eyes (Gauntlet)
  3 hydras
  4 two-headed ogres
  17 death yaks
  A tengu warrior (D:14)
  Sonja (Lair:5)
  A fire crab (shapeshifter) (D:13)
  A wizard (D:14)
  An unseen horror (D:12)
  Pikel (D:4)
  5 lindwurms
  A mana viper (shapeshifter) (D:12)
  2 cyclopes
  8 ugly things
  A wolf spider (D:12)
  2 oklob plants (Lair:3)
  2 slime creatures (D:12)
  2 manticores (D:12)
  13 elephants
  6 black mambas
  12 spiny frogs
  5 orange demons (D:14)
  2 minotaur zombies (Gauntlet)
  13 rime drakes
  6 komodo dragons
  3 red devils (D:14)
  4 trolls
  5 polar bears
  22 blink frogs
  5 hornets (Lair:6)
  8 hippogriffs
  A blink frog (shapeshifter) (D:13)
  Sigmund (D:4)
  A shadow (D:14)
  A wyvern (Lair:3)
  41 yaks
  2 fire bats (Gauntlet)
  12 spriggans
  2 fire elementals (D:14)
  11 steam dragons (Lair:4)
  2 vampire mosquitoes (D:13)
  2 nagas (Lair:2)
  2 hell hounds (D:14)
  12 porcupines
  7 water moccasins
  An eye of draining (D:14)
  4 black bears
  7 orc warriors
  2 ice beasts
  10 ogres
  2 sky beasts
  A phantom (D:5)
  5 boggarts (Lair:6)
  12 centaurs
  22 wolves
  17 crocodiles
  6 big kobolds
  11 bullfrogs
  A water moccasin skeleton (D:7)
  16 killer bees
  5 scorpions
  8 wights (D:8)
  5 howler monkeys
  6 crimson imps
  4 centaur zombies
  4 hounds
  An iron imp (D:6)
  6 jellies
  3 centaur skeletons
  5 orc priests
  5 bullfrog skeletons
  3 orc wizards
  Jessica (D:2)
  Terence (D:2)
  2 iguanas
  6 worker ants
  A killer bee zombie (D:6)
  Robin (D:2)
  2 gnolls (D:5)
  3 worker ant zombies
  16 adders
  2 howler monkey skeletons (D:4)
  3 river rats
  3 shadow imps
  An ooze (D:3)
  An adder zombie (D:5)
  3 adder skeletons
  10 worms
  A dart slug (D:2)
  5 leopard geckos
  28 orcs
  2 ball pythons
  5 bats
  7 giant cockroaches
  27 goblins
  9 hobgoblins
  5 jackals
  47 kobolds
  3 quokkas
  6 frilled lizards
  A goblin skeleton (D:6)
  A goblin zombie (D:6)
  A kobold skeleton (D:6)
  2 kobold zombies (D:6)
  13 rats
  A bush (D:10)
  A plant (Lair:3)
651 creatures vanquished.

Vanquished Creatures (others)
  Nessos (Lair:5)
  A centaur (Lair:4)
  A big kobold (D:5)
  2 kobolds (D:5)
  A bush (Lair:4)
  4 demonic plants (Gauntlet)
  A fire vortex (Lair:5)
  24 fungi
  34 plants
  15 withered plants
84 creatures vanquished.

Grand Total: 735 creatures vanquished

Notes
Turn   | Place    | Note
-------+----------+-------------------------------------------
     0 | D:1      | GordonOverkill the Barachi Fire Elementalist began the
                  | quest for the Orb.
     0 | D:1      | Reached XP level 1. HP: 13/13 MP: 3/3
   213 | D:1      | Reached XP level 2. HP: 20/20 MP: 3/5
  1093 | D:2      | Reached skill level 1 in Fighting
  1185 | D:2      | You fall into a shaft and drop 2 floors!
  1192 | D:4      | Reached XP level 3. HP: 26/26 MP: 4/6
  1197 | D:4      | Learned a level 3 spell: Conjure Flame
  1306 | D:3      | Found a shimmering altar of Xom.
  1307 | D:3      | Found a shattered altar of Ashenzari.
  1464 | D:3      | Found a glowing drain.
  1494 | Sewer    | Entered a sewer
  1503 | Sewer    | Reached XP level 4. HP: 32/32 MP: 1/8
  1776 | Sewer    | Noticed a big kobold
  1786 | Sewer    | Killed a big kobold
  1786 | Sewer    | Reached XP level 5. HP: 20/38 MP: 1/9
  1943 | Sewer    | Found a white marble altar of Elyvilon.
  2111 | D:3      | Noticed an ogre
  2135 | D:3      | Killed an ogre
  2135 | D:3      | Reached XP level 6. HP: 6/46 MP: 8/11
  2644 | D:3      | Found a stormy altar of Qazlal.
  3631 | D:2      | Noticed Terence
  3636 | D:2      | Killed Terence
  3714 | D:2      | Found an iron altar of Okawaru.
  3781 | D:2      | Noticed Robin
  3815 | D:2      | Killed Robin
  4131 | D:2      | Noticed Jessica
  4142 | D:2      | Killed Jessica
  4142 | D:2      | Reached skill level 1 in Evocations
  4215 | D:2      | Learned a level 4 spell: Sticky Flame
  4373 | D:4      | Reached XP level 7. HP: 49/52 MP: 7/12
  4477 | D:4      | Noticed Sigmund
  4487 | D:4      | Killed Sigmund
  4487 | D:4      | Reached skill level 5 in Fire Magic
  4640 | D:4      | Noticed Pikel
  4653 | D:4      | Killed Pikel
  4653 | D:4      | Reached XP level 8. HP: 47/58 MP: 6/15
  4679 | D:4      | Reached skill level 5 in Spellcasting
  4679 | D:4      | Reached skill level 5 in Conjurations
  4820 | D:4      | Found a shadowy altar of Dithmenos.
  5179 | D:5      | Entered Level 5 of the Dungeon
  5353 | D:5      | Reached skill level 5 in Evocations
  5484 | D:5      | Found a sparkling altar of Nemelex Xobeh.
  5589 | D:5      | Learned a level 5 spell: Fireball
  5865 | D:5      | Reached XP level 9. HP: 11/65 MP: 3/17
  6584 | D:5      | Found a staircase to the Ecumenical Temple.
  6594 | Temple   | Entered the Ecumenical Temple
  6786 | Temple   | Became a worshipper of Sif Muna the Loreminder
  7879 | D:6      | Reached skill level 1 in Invocations
  8219 | D:6      | Reached skill level 5 in Fighting
  8302 | D:6      | Found a glowing golden altar of the Shining One.
  8657 | D:7      | Found a transporter.
  8844 | D:7      | Reached * piety under Sif Muna
  9322 | D:7      | Found an iron altar of Okawaru.
  9598 | D:7      | Found a transporter.
  9615 | D:7      | Found a basalt altar of Yredelemnul.
  9625 | D:7      | Found an ancient bone altar of Kikubaaqudgha.
  9627 | D:7      | Noticed Menkaure
  9733 | D:7      | Reached skill level 5 in Invocations
  9862 | D:8      | Found an opulent altar of Gozag.
  9980 | D:8      | Reached XP level 10. HP: 76/76 MP: 5/19
 10439 | D:8      | Reached ** piety under Sif Muna
 10628 | D:8      | Found a sacrificial altar of Ru.
 10807 | D:8      | Identified a scroll of acquirement
 11373 | D:9      | Reached skill level 1 in Shields
 11706 | D:9      | Reached skill level 2 in Shields
 11756 | D:9      | Found a shadowy altar of Dithmenos.
 12719 | D:9      | Found a radiant altar of Vehumet.
 12729 | D:9      | Found a sparkling altar of Nemelex Xobeh.
 12884 | D:10     | Entered Level 10 of the Dungeon
 12908 | D:10     | Found Jynushri's Jewellery Shoppe.
 12935 | D:10     | Reached skill level 3 in Shields
 13709 | D:10     | Reached skill level 4 in Shields
 13819 | D:10     | Reached XP level 11. HP: 84/84 MP: 9/21
 13938 | D:10     | Reached *** piety under Sif Muna
 14202 | D:10     | Reached skill level 5 in Shields
 14383 | D:10     | Bought a +4 ring of protection for 468 gold pieces
 14677 | D:11     | Reached skill level 6 in Shields
 14884 | D:11     | Found a staircase to the Orcish Mines.
 15212 | D:11     | Noticed a death yak
 15219 | D:11     | Noticed a death yak
 15220 | D:11     | Killed a death yak
 15220 | D:11     | Reached skill level 7 in Shields
 15224 | D:11     | Noticed a death yak
 15225 | D:11     | Noticed a death yak
 15227 | D:11     | Noticed a death yak
 15227 | D:11     | Noticed a death yak
 15227 | D:11     | Killed a death yak
 15227 | D:11     | Reached skill level 8 in Shields
 15385 | D:12     | Reached skill level 9 in Shields
 15663 | D:12     | Learned a level 5 spell: Bolt of Magma
 15664 | D:12     | Found a runed translucent door.
 15664 | D:12     | Noticed Rasmon's ghost (journeyman TrHu)
 15713 | D:12     | Noticed a lindwurm
 15713 | D:12     | Noticed a lindwurm
 15714 | D:12     | Noticed a lindwurm
 15732 | D:12     | Noticed a lindwurm
 15763 | D:11     | Found a staircase to the Lair.
 15783 | D:11     | Killed a death yak
 15792 | D:11     | Killed a death yak
 15792 | D:11     | Reached skill level 10 in Shields
 15796 | D:11     | Killed a death yak
 15802 | D:11     | Killed a death yak
 16071 | D:11     | Noticed a red ugly thing
 16085 | D:11     | Killed a red ugly thing
 16085 | D:11     | Reached skill level 11 in Shields
 16085 | D:11     | Reached XP level 12. HP: 91/91 MP: 17/22
 16169 | D:11     | Noticed a two-headed ogre
 16353 | D:11     | Killed a two-headed ogre
 16545 | D:11     | Reached **** piety under Sif Muna
 17015 | Lair:1   | Entered Level 1 of the Lair of Beasts
 17043 | Lair:1   | Found a gate leading to a gauntlet.
 17098 | Gauntlet | Entered a Gauntlet
 17098 | Gauntlet | Found a transporter.
 17098 | Gauntlet | Found a transporter.
 17099 | Gauntlet | Found a transporter.
 17101 | Gauntlet | Found a transporter.
 17101 | Gauntlet | Found a transporter.
 17102 | Gauntlet | Found a transporter.
 17111 | Gauntlet | Found a transporter.
 17112 | Gauntlet | Found a transporter.
 17115 | Gauntlet | Found a transporter.
 17115 | Gauntlet | Found a transporter.
 17124 | Gauntlet | Noticed a death yak
 17124 | Gauntlet | Noticed a death yak
 17124 | Gauntlet | Noticed a death yak
 17125 | Gauntlet | Found a transporter.
 17126 | Gauntlet | Found a transporter.
 17126 | Gauntlet | Noticed a great orb of eyes
 17312 | Gauntlet | Learned a level 5 spell: Iskenderun's Battlesphere
 17551 | Gauntlet | Noticed a deep elf knight
 17551 | Gauntlet | Noticed a deep elf knight
 17553 | Gauntlet | Noticed a deep elf knight
 17595 | Gauntlet | Got a flickering golden ring
 17606 | Gauntlet | Paralysed by a great orb of eyes for 4 turns
 17615 | Gauntlet | Killed a great orb of eyes
 17756 | Gauntlet | Noticed a minotaur
 17775 | Gauntlet | Killed a minotaur
 17775 | Gauntlet | Reached skill level 12 in Shields
 18352 | Lair:1   | Identified the ring of Udemag {Fire rElec Int+4} (You found
                  | it in a Gauntlet)
 19649 | Lair:2   | Found a staircase to the Snake Pit.
 20116 | Lair:2   | Reached skill level 13 in Shields
 20122 | Lair:2   | Noticed an eight-headed hydra
 20133 | Lair:2   | Killed an eight-headed hydra
 20473 | Lair:2   | Reached skill level 10 in Spellcasting
 20767 | Lair:2   | Gained mutation: You can hop long distances. [Barachi
                  | growth]
 20767 | Lair:2   | Reached XP level 13. HP: 96/96 MP: 19/27
 20800 | Lair:2   | Reached skill level 14 in Shields
 22098 | Lair:2   | Reached skill level 15 in Shields
 24070 | Lair:3   | Reached skill level 10 in Conjurations
 24070 | Lair:3   | Reached skill level 10 in Fire Magic
 24499 | Lair:4   | Reached XP level 14. HP: 103/103 MP: 22/28
 24747 | Lair:4   | Reached ***** piety under Sif Muna
 24768 | Lair:4   | Reached skill level 5 in Dodging
 24962 | Lair:4   | Found a staircase to the Shoals.
 25099 | Lair:4   | Identified Sif Muna's Catalogue of Spatial Changing (Sif
                  | Muna gifted it to you on level 4 of the Lair of Beasts)
 25099 | Lair:4   | Received a gift from Sif Muna
 26432 | Lair:5   | Noticed Nessos
 26437 | Lair:5   | Killed Nessos
 26620 | Lair:5   | Learned a level 2 spell: Blink
 26624 | Lair:5   | Learned a level 3 spell: Regeneration
 26631 | Lair:5   | Learned a level 6 spell: Iron Shot
 27014 | Lair:5   | Noticed Sonja
 27025 | Lair:5   | Killed Sonja
 27025 | Lair:5   | Reached skill level 10 in Fighting
 27429 | Lair:5   | Reached skill level 1 in Earth Magic
 27475 | Lair:5   | Reached skill level 1 in Necromancy
 27868 | Lair:6   | Entered Level 6 of the Lair of Beasts
 29294 | Lair:6   | Received a gift from Sif Muna
 29711 | Lair:6   | Reached skill level 5 in Earth Magic
 29755 | Lair:6   | Reached XP level 15. HP: 72/115 MP: 13/30
 29943 | Lair:6   | Found a staircase to the Slime Pits.
 29947 | Lair:6   | Found a viscous altar of Jiyva.
 30059 | Lair:6   | Reached skill level 5 in Necromancy
 31664 | D:12     | Noticed a fire giant
 31677 | D:12     | Killed a fire giant
 33745 | D:14     | Identified Sif Muna's Incunabulum of Clay (Sif Muna gifted
                  | it to you on level 14 of the Dungeon)
 33745 | D:14     | Received a gift from Sif Muna
 34639 | D:14     | Noticed Azrael
 34688 | D:14     | HP: 5/117 [Azrael/+4 scimitar of flaming (11)]
 34688 | D:14     | Killed from afar by Azrael

Levels and vault maps discovered:
D:1:      dpeg_arrival_tiny_j, layout_rooms
D:2:      layout_loops_corners, kennysheep_okawaru_gauntlet, uniq_jessica,
          uniq_terence, uniq_robin
D:3:      layout_loops_ring, marbit_many_paths,
          chequers_temple_overflow_statue_of_worship, lightli_sewer_entry_pipes,
          minmay_ogre_servants
D:4:      layout_cave_pools, kennysheep_mini_moat, first_ration,
          chequers_serial_rivers_large_a, minmay_puff, uniq_sigmund, uniq_pikel
D:5:      minmay_goblin_kobold_castle, layout_basic, lemuel_temple_firewalk_a,
          nemelex_diamond_rough_becter
D:6:      layout_basic, nicolae_tso_besieged_by_evil
D:7:      layout_rooms, gammafunk_temple_of_torment, kennysheep_mini
D:8:      layout_gridville, hangedman_ru_absence, the_bakery,
          grunt_gozag_breadcrumbs
D:9:      layout_stronghold, amethyst_overflow_temple_binary,
          nicolae_dithmenos_the_darkroom
D:10:     layout_loops_ring, serial_shops, nicolae_shop_statue_plus,
          kb_lookout_dungeons_type, chequers_decorated_corner
D:11:     layout_grid_maze, dpeg_lair_monsters, david_orc_2
D:12:     minmay_containers, layout_irregular_city, gammafunk_ghost_grave,
          minmay_lindwurm_lava
D:13:     layout_basic
D:14:     layout_basic, skrybe_vaults_entry_preservation, minivault_16,
          minmay_beelzebubs_servants, uniq_azrael
Temple:   minmay_temple_curvy_loop
Lair:1:   layout_long_grid, gauntlet_entry_generic, lemuel_fruit_fields
Lair:2:   layout_concentric_octagons, guppyfry_snake_entry_island,
          chequers_serial_rivers_micro_e, chequers_serial_rivers_micro_b,
          minivault_27, minmay_shattered_shrine, lemuel_fruit_tree
Lair:3:   layout_regular_city, minmay_lair_oklob_chamber, grunt_megastairs_3
Lair:4:   layout_gridlike, minmay_shoals_entry_centaurs,
          chequers_serial_rivers_micro_e, chequers_serial_rivers_room_b,
          bobbens_dragon_lair_wall
Lair:5:   layout_roguey, serial_bayou_shore_b, grunt_megastairs_4, uniq_sonja,
          uniq_nessos
Lair:6:   minmay_lair_end_enchanted_forest, layout_small_grid, slime_altar_1

Skill      XL: |  1  2  3  4  5  6  7  8  9 10 11 12 13 14 15 |
---------------+----------------------------------------------+-----
Stealth        | 2 |  2.0
Fighting       | 1 2 3 6 7 10 | 10.5
Conjurations   | 2 3 4 5 6 8 10 | 10.5
Dodging        | 3 4 6 |  6.9
Spellcasting   | 3 4 5 6 7 10 11 | 11.0
Fire Magic     | 4 6 8 10 | 10.4
Evocations     | 1 3 6 |  6.0
Invocations    | 5 |  5.7
Shields        | 4 11 13 15 | 15.0
Earth Magic    | 5 8 |  8.5
Necromancy     | 4 5 |  5.0

Action                   |  1- 3 |  4- 6 |  7- 9 | 10-12 | 13-15 || total
-------------------------+-------+-------+-------+-------+-------++-------
Melee: Club              |    14 |    10 |       |       |       ||    24
       Dagger            |       |    44 |   269 |   264 |   591 ||  1168
       Demon trident     |       |       |       |       |    80 ||    80
Throw: Stone             |    22 |     6 |    15 |     3 |       ||    46
       Boomerang         |       |       |       |    30 |    36 ||    66
       Javelin           |       |       |       |       |    42 ||    42
       Throwing net      |       |       |       |       |     3 ||     3
 Cast: Flame Tongue      |    62 |    81 |   126 |   150 |   201 ||   620
       Sticky Flame      |       |     1 |    48 |   115 |   250 ||   414
       Conjure Flame     |       |     1 |       |    14 |    33 ||    48
       Fireball          |       |       |       |    15 |    18 ||    33
       Bolt of Magma     |       |       |       |    16 |    18 ||    34
       Iskenderun's Batt |       |       |       |     1 |       ||     1
       Iron Shot         |       |       |       |       |    50 ||    50
       Regeneration      |       |       |       |       |     6 ||     6
       Blink             |       |       |       |       |     3 ||     3
Invok: Channel Magic     |       |       |       |       |     3 ||     3
 Abil: Hop               |     1 |     2 |     1 |     4 |     1 ||     9
Evoke: Wand              |       |       |     2 |    21 |    16 ||    39
  Use: Scroll            |     2 |     5 |     5 |    14 |     7 ||    33
       Potion            |       |     1 |       |     1 |     3 ||     5
 Stab: Sleeping          |       |       |       |     1 |       ||     1
       Paralysed         |       |       |       |     7 |     3 ||    10
  Eat: Chunk             |     3 |    10 |    13 |    38 |    52 ||   116
       Ration            |       |       |     4 |     5 |     7 ||    16
Armor: Robe              |    18 |     6 |    57 |   100 |   215 ||   396
Dodge: Dodged            |    47 |    52 |   225 |   226 |   395 ||   945
Block: Shield            |       |       |       |   119 |   713 ||   832
       Reflection        |       |       |       |     3 |    13 ||    16

Table legend:
 A = Non-vault XP
 B = Vault XP
 C = Vault XP percentage of total XP
 D = Non-vault monster count
 E = Vault monster count
 F = Vault count percentage of total count
                 A         B        C        D         E       F
            +---------+---------+-------+---------+---------+-------
      Total |   70561 |   47044 |  40.0 |     420 |     231 |  35.5
            +---------+---------+-------+---------+---------+-------
        D:1 |      27 |       0 |   0.0 |      16 |       0 |   0.0
        D:2 |      41 |     113 |  73.4 |      17 |      16 |  48.5
        D:3 |      54 |     208 |  79.4 |      15 |      21 |  58.3
        D:4 |     328 |     905 |  73.4 |      16 |       3 |  15.8
        D:5 |     574 |     371 |  39.3 |      20 |      44 |  68.8
        D:6 |     712 |      48 |   6.3 |      15 |       6 |  28.6
        D:7 |    1026 |       0 |   0.0 |      25 |       0 |   0.0
        D:8 |    1164 |     205 |  15.0 |      21 |       1 |   4.5
        D:9 |    1938 |       0 |   0.0 |      16 |       0 |   0.0
       D:10 |    2183 |     108 |   4.7 |      37 |       1 |   2.6
       D:11 |    3737 |    5597 |  60.0 |      21 |      13 |  38.2
       D:12 |    3232 |    7778 |  70.6 |      10 |      11 |  52.4
       D:13 |    4992 |       0 |   0.0 |      26 |       0 |   0.0
       D:14 |    5578 |    3883 |  41.0 |      11 |      14 |  56.0
     Lair:1 |    3059 |       0 |   0.0 |      13 |       0 |   0.0
     Lair:2 |    7981 |    3720 |  31.8 |      25 |       9 |  26.5
     Lair:3 |   10603 |    2787 |  20.8 |      30 |       7 |  18.9
     Lair:4 |    5731 |    6745 |  54.1 |      26 |      24 |  48.0
     Lair:5 |    9367 |    3105 |  24.9 |      26 |       5 |  16.1
     Lair:6 |    8234 |    7797 |  48.6 |      34 |      40 |  54.1
      Sewer |       0 |     135 | 100.0 |       0 |       9 | 100.0
   Gauntlet |       0 |    3539 | 100.0 |       0 |       7 | 100.0
            +---------+---------+-------+---------+---------+-------
